 Dungeon Crawl Stone Soup version 0.29-a0-541-gaf1fc19f1b (webtiles) character file.

Game seed: 18035595230877950166

305 Hubjo the Firebug (level 6, -3/36 HPs)
             Began as a Deep Elf Fire Elementalist on June 2, 2022.
             Was a Follower of Ru.
             Slain by a gnoll
             ... wielding a +0 spear
              (9 damage)
             ... on level 3 of the Dungeon.
             The game lasted 00:04:01 (3345 turns).

Hubjo the Firebug (Deep Elf Fire Elementalist)      Turns: 3345, Time: 00:04:02

Health: -3/36      AC:  2    Str:  5    XL:     6   Next: 16%
Magic:  14/15      EV: 12    Int: 22    God:    Ru [*.....]
Gold:   119        SH:  0    Dex: 15    Spells: 13/14 levels left

rFire   . . .      SeeInvis .   h - +4 dagger (spect)
rCold   . . .      Faith    .   (no shield)
rNeg    . . .      Spirit   .   a - +0 robe
rPois   .          Reflect  .   (no helmet)
rElec   .          Harm     .   (no cloak)
rCorr   .          Rampage  .   (no gloves)
Will    .....                   (no boots)
Stlth   +++.......              m - amulet of magic regeneration
HPRegen 0.12/turn               (no ring)
MPRegen 0.54/turn               (no ring)

@: no status effects
A: weak-willed 1
a: Renounce Religion


You were on level 3 of the Dungeon.
You worshipped Ru.
Ru was aware of your devotion.
You visited 1 branch of the dungeon, and saw 3 of its levels.

You collected 119 gold pieces.

Inventory:

Hand Weapons
 h - a +4 spectral dagger (weapon)
Armour
 a - a +0 robe (worn)
Jewellery
 m - an amulet of magic regeneration (around neck)
Scrolls
 d - 2 scrolls of fog {unknown}
 e - a scroll of blinking {unknown}
 f - 2 scrolls of teleportation {unknown}
 i - a scroll of identify
 j - a scroll of noise
Potions
 b - 2 potions of magic
 c - 2 potions of heal wounds {unknown}
 g - a potion of curing {unknown}
 k - a potion of cancellation {unknown}
 l - a potion of lignification {unknown}


   Skills:
 + Level 2.8 Fighting
 - Level 2.4 Dodging
 + Level 4.3 Stealth
 + Level 4.7 Spellcasting
 - Level 1.1 Conjurations
 * Level 4.7 Fire Magic


You had 13 spell levels left.
You knew the following spells:

 Your Spells              Type           Power      Damage    Failure   Level
a - Foxfire               Conj/Fire      68%        2x1d7     3%          1

Your spell library contained the following spells:

 Spells                   Type           Power      Damage    Failure   Level
 Scorch                   Fire           50%        2d7       2%          2
 Conjure Flame            Conj/Fire      17%        6-21      10%         3
 Inner Flame              Hex/Fire       15%        N/A       12%         3
 Flame Wave               Conj/Fire      17%        2d6       30%         4
 Animate Dead             Necr           5%         N/A       71%         4
 Haunt                    Necr/Summ      2%         N/A       100%        7
 Infestation              Necr           2%         N/A       100%        8


Dungeon Overview and Level Annotations

Branches:
Dungeon (3/15)

Altars:
Kikubaaqudgha
Ru

Annotations:
D:3 2 runed translucent doors


Innate Abilities, Weirdness & Mutations

You are slightly weak-willed. (Will-)


Message History

The foxfire hits the gnoll.
You kill the gnoll!
You conjure some foxfire!
The foxfire hits the rat.
You kill the rat!
The foxfire hits the gnoll.
The gnoll is lightly wounded.
The gnoll closely misses you.
You conjure some foxfire!
The gnoll hits you from afar with a +0 spear.
The foxfire hits the gnoll but does no damage.
The foxfire hits the gnoll.
The gnoll is moderately wounded.
The gnoll misses you. The gnoll barely misses you.
You conjure some foxfire!
The gnoll barely misses you. The gnoll misses you.
The foxfire hits the gnoll.
The gnoll is lightly wounded.
The foxfire hits the gnoll!
The gnoll is almost dead.
The gnoll closely misses you. The gnoll misses you.
You conjure some foxfire!
The gnoll misses you. The gnoll hits you with a +0 whip.
The foxfire hits the gnoll!
The gnoll is severely wounded.
The foxfire hits the gnoll.
The gnoll is almost dead.
The gnoll hits you from afar with a +0 spear!
The gnoll hits you with a +0 whip.
You are too injured to fight recklessly!
The gnoll hits you from afar with a +0 spear.
The gnoll closely misses you.
You are too injured to fight recklessly!
The gnoll closely misses you. The gnoll barely misses you.
You are too injured to fight recklessly!
The gnoll barely misses you. The gnoll hits you with a +0 whip.
* * * LOW HITPOINT WARNING * * *
Casting: Foxfire (safe; 3% risk of failure)
Confirm with . or Enter, or press ? or * to list all spells.
You conjure some foxfire!
The gnoll hits you from afar with a +0 spear!
You die...

≈≈≈≈≈♣≈≈≈♣♣ ##...##
≈≈≈≈≈≈≈P≈P♣♣...... .
≈≈≈≈≈P≈≈≈≈≈≈≈#...# .#
≈≈≈≈≈†PP≈≈≈♣≈#...####.#.
≈≈≈≈≈≈≈P♣≈≈≈≈#........PP
≈≈≈≈≈≈≈≈≈P≈♣##...#..P≈≈≈
≈≈≈≈≈≈≈≈≈♣≈..)......♣≈≈♣
≈≈≈≈≈≈P≈≈≈.##.v.g..≈♣≈≈
≈≈≈≈♣♣P≈≈.....v@Pg..≈♣
♣≈P♣≈ ♣≈....###.)#.P..≈.
♣≈♣♣ .......# #.....♣).P
... .....#### ##.....P..
#.. #.... #......# ...
..... #..).. .. ...
+...... P ### .+.......
..


You could see 2 gnolls.

Vanquished Creatures
  Sigmund (D:2)
  Jessica (D:2)
  A gnoll (D:3)
  2 adders
  A white imp (D:3)
  2 worms (D:2)
  2 dart slugs (D:2)
  2 orcs
  3 endoplasms
  4 goblins
  6 hobgoblins
  2 jackals (D:2)
  11 kobolds
  3 quokkas
  5 ball pythons (D:1)
  8 bats
  3 frilled lizards
  5 rats
62 creatures vanquished.

Vanquished Creatures (collateral kills)
  12 foxfires
12 creatures vanquished.

Vanquished Creatures (others)
  A human (D:3)
  368 foxfires
  5 plants
374 creatures vanquished.

Grand Total: 448 creatures vanquished

Notes
Turn   | Place    | Note
-------+----------+-------------------------------------------
     0 | D:1      | Hubjo the Deep Elf Fire Elementalist began the quest for
                  | the Orb.
     0 | D:1      | Reached XP level 1. HP: 10/10 MP: 6/6
   282 | D:1      | Reached XP level 2. HP: 9/16 MP: 4/8
   724 | D:1      | Reached skill level 1 in Fighting
  1318 | D:1      | Found a faded altar of an unknown god.
  1343 | D:1      | Prayed at the altar of an unknown god.
  1343 | D:1      | Became a worshipper of Ru the Awakened
  1346 | D:1      | Gained mutation: You are slightly weak-willed. (Will-) [Ru
                  | sacrifice]
  1346 | D:1      | Reached * piety under Ru
  1623 | D:2      | Reached XP level 3. HP: 20/20 MP: 6/9
  2239 | D:2      | Noticed Sigmund
  2248 | D:2      | Killed Sigmund
  2249 | D:2      | Reached XP level 4. HP: 27/27 MP: 3/12
  2249 | D:2      | Reached XP level 5. HP: 31/31 MP: 3/13
  2656 | D:2      | Noticed Jessica
  2666 | D:2      | Killed Jessica
  2750 | D:2      | Reached XP level 6. HP: 36/36 MP: 10/14
  3124 | D:3      | Found an ancient bone altar of Kikubaaqudgha.
  3128 | D:3      | Noticed a human
  3130 | D:3      | Killed a human
  3326 | D:3      | Found a runed translucent gate.
  3326 | D:3      | Found a runed translucent gate.
  3345 | D:3      | Slain by a gnoll

Illustrated notes

Levels and vault maps discovered:
D:1:      saegor_arrival_simple_c, layout_rooms,
          shapermc_ecumenical_altar_ellora
D:2:      layout_basic, chequers_serial_rivers_large_a, uniq_sigmund,
          uniq_jessica
D:3:      layout_basic, tgw_kikubaaqudgha, serial_bayou, serial_bayou_pond_a,
          serial_bayou_lake_a, serial_bayou_pond_d, serial_bayou_pond_a,
          ebering_ghost_rock_garden, uniq_natasha

Skill      XL: |  1  2  3 |
---------------+----------+-----
Fighting       | 1 2 |  2.8
Stealth        | 3 4 |  4.3
Spellcasting   | 4 |  4.7
Fire Magic     | 4 |  4.7
Dodging        | |  2.4
Conjurations   | |  1.1

Action                   |  1- 3 |  4- 6 || total
-------------------------+-------+-------++-------
Melee: Unarmed           |     1 |       ||     1
       Dagger            |     7 |     2 ||     9
 Cast: Foxfire           |   139 |    85 ||   224
Invok: Sacrifice Essence |     1 |       ||     1
  Use: Scroll            |       |     5 ||     5
Armor: Robe              |     7 |     1 ||     8
Dodge: Dodged            |    16 |    23 ||    39

Table legend: (Time is in decaauts)
 A = Elapsed time spent in this place.
 B = Non-inter-level travel time spent in this place.
 C = Inter-level travel time spent in this place.
 D = Time resting spent in this place.
 E = Time spent auto-exploring this place.
 F = Levels seen in this place.
 G = Mean time per level.
                   A        B        C        D        E       F      G
               +--------+--------+--------+--------+--------+-----+--------+
         Total |   3369 |   3353 |     16 |      0 |   2866 |   3 | 1123.0 |
       Dungeon |   3369 |   3353 |     16 |      0 |   2866 |   3 | 1123.0 |
               +--------+--------+--------+--------+--------+-----+--------+

Top non-repeatable levels by time:
     D:1: 1615 daAuts
     D:2: 1424 daAuts
     D:3: 329 daAuts
